 Dungeon Crawl Stone Soup version 0.30-a0-377-g5cb311bc9f (webtiles) character file.

Game seed: 9645274074276726187

61 MachoJfn the Grave Robber (level 3, -7/24 HPs)
             Began as a Mummy Necromancer on Nov 30, 2022.
             Mangled by an iguana (13 damage)
             ... on level 2 of the Dungeon.
             The game lasted 00:07:07 (1465 turns).

MachoJfn the Grave Robber (Mummy Necromancer)       Turns: 1465, Time: 00:07:08

Health: -7/24      AC:  2    Str: 13    XL:     3   Next: 83%
Magic:  15/16      EV: 12    Int: 14    God:
Gold:   87         SH:  0    Dex: 12    Spells: 7/8 levels left

rFire   x . .      SeeInvis .    b - +2 dagger (venom)
rCold   + . .      Faith    +    (no shield)
rNeg    + + +      Spirit   .    a - +0 robe
rPois   ∞          Reflect  .    (no helmet)
rElec   .          Harm     .    (no cloak)
rCorr   .          Rampage  .    (no gloves)
Will    .....                    (no boots)
Stlth   ++........               d - amulet of the acrobat
HPRegen 0.24/turn                f - ring of magical power
MPRegen 0.15/turn                (no ring)

@: no status effects
A: cold resistance 1, negative energy resistance 3, torment resistance 2, heat
vulnerability 1, in touch with death 1, no potions, faith
a: no special abilities


You were on level 2 of the Dungeon.
You visited 1 branch of the dungeon, and saw 2 of its levels.

You collected 87 gold pieces.

Inventory:

Hand Weapons
 b - a +2 dagger of venom (weapon)
Armour
 a - a +0 robe (worn)
Jewellery
 d - an amulet of the acrobat (around neck)
 f - a ring of magical power (left hand)
Potions
 c - 5 potions of curing {unknown}
 e - 2 potions of flight {unknown}
 g - a potion of heal wounds {unknown}


   Skills:
 + Level 0.1 Fighting
 + Level 0.5 Short Blades
 + Level 1.7 Dodging
 + Level 2.4 Stealth
 + Level 3.1 Spellcasting
 + Level 4.7 Necromancy


You had 7 spell levels left.
You knew the following spells:

 Your Spells              Type           Power      Damage    Failure   Level
a - Necrotise             Necr           92%        1d8       3%          1

Your spell library contained the following spells:

 Spells                   Type           Power      Damage    Failure   Level
 Vampiric Draining        Necr           23%        2d7       10%         3
 Animate Dead             Necr           23%        N/A       30%         4
 Gell's Gravitas          Tloc           2%         N/A       54%         3
 Teleport Other           Tloc           2%         N/A       54%         3
 Agony                    Necr           23%        N/A       65%         5
 Dispersal                Tloc           1%         N/A       100%        6


Dungeon Overview and Level Annotations

Branches:
Dungeon (2/15)

Altars:

Shops:
D:1 :


Innate Abilities, Weirdness & Mutations

You are immune to poison.
Your flesh is cold resistant. (rC+)
You are immune to negative energy. (rN+++)
You are immune to unholy pain and torment.
You are vulnerable to heat. (rF-)
You are in touch with the powers of death.
You do not drink.
You have a special connection with the divine. (Faith)


Message History

Magic restored.
An iguana comes into view.
Found 13 gold pieces.
Casting: Necrotise (safe; 3% risk of failure)
Confirm with . or Enter, or press ? or * to list all spells.
Aiming: Necrotise (safe; 3% risk of failure)
Press: ? - help, Shift-Dir - straight line, f - iguana
Aim: an iguana (chance to affect: 87%)
You feel a surge of power!
The iguana barely resists.
Casting: Necrotise (safe; 3% risk of failure)
Confirm with . or Enter, or press ? or * to list all spells.
Aiming: Necrotise (safe; 3% risk of failure)
Press: ? - help, Shift-Dir - straight line, f/p - iguana
Aim: an iguana (chance to affect: 87%)
You feel a surge of power!
The iguana writhes in agony.
The iguana barely misses you.
You closely miss the iguana.
The iguana is lightly wounded.
The iguana bites you.
You hit the iguana but do no damage.
The iguana is poisoned.
The iguana is lightly wounded.
The iguana bites you.
You barely miss the iguana.
The iguana is lightly wounded.
The iguana closely misses you.
You hit the iguana but do no damage.
The iguana is lightly wounded.
The iguana bites you.
You closely miss the iguana.
The iguana is moderately wounded.
The iguana closely misses you.
You hit the iguana.
The iguana is moderately wounded.
The iguana bites you!
* * * LOW HITPOINT WARNING * * *
You hit the iguana but do no damage.
The iguana looks even sicker.
The iguana is moderately wounded.
The iguana bites you!
Ouch! That really hurt!
You die...

. #. #.........
#$ ##.#.####. #.
#.#.####.
.##.###.#......
...............
.##.###.##.###.
#.###.##.#
#.#......###
#.@..........
#...l##....####.
#...##. #....#
..# #. ###### .
#. #. #. #.


You could see an iguana (very poisoned).

Vanquished Creatures
  2 gnolls (D:1)
  3 dart slugs (D:1)
  A bat (D:1)
  4 endoplasms (D:1)
  3 giant cockroaches (D:1)
  2 goblins (D:1)
  4 hobgoblins
  6 kobolds (D:1)
  A quokka (D:1)
  3 ball pythons (D:1)
  2 rats (D:1)
31 creatures vanquished.

Vanquished Creatures (collateral kills)
  A goblin (D:1)
1 creature vanquished.

Grand Total: 32 creatures vanquished

Notes
Turn   | Place    | Note
-------+----------+-------------------------------------------
     0 | D:1      | MachoJfn the Mummy Necromancer began the quest for the Orb.
     0 | D:1      | Reached XP level 1. HP: 13/13 MP: 4/4
    31 | D:1      | Reached XP level 2. HP: 15/19 MP: 5/5
   155 | D:1      | Found Iplokiyz's Vocational Training.
   255 | D:1      | Gained mutation: You are in touch with the powers of death.
                  | [Mummy growth]
   255 | D:1      | Reached XP level 3. HP: 24/24 MP: 7/7
   885 | D:1      | Found a faded altar of an unknown god.
  1465 | D:2      | Mangled by an iguana

Illustrated notes

Levels and vault maps discovered:
D:1:      ncdulo_smallfort, layout_basic, ebering_ecumenical_altar_hall,
          nicolae_shop_vocational
D:2:      layout_basic

Skill      XL: |  1  2  3 |
---------------+----------+-----
Stealth        | 2 |  2.4
Spellcasting   | 3 |  3.1
Fighting       | |  0.1
Short Blades   | |  0.5
Dodging        | |  1.7
Necromancy     | |  4.7

Action                   || total
-------------------------++-------
Melee: Dagger            ||    54
       Punch             ||     1
 Cast: Necrotise         ||    27
  Use: Scroll            ||     2
 Stab: Sleeping          ||     2
Armor: Robe              ||     8
Dodge: Dodged            ||    62

Table legend: (Time is in decaauts)
 A = Elapsed time spent in this place.
 B = Non-inter-level travel time spent in this place.
 C = Inter-level travel time spent in this place.
 D = Time resting spent in this place.
 E = Time spent auto-exploring this place.
 F = Levels seen in this place.
 G = Mean time per level.
                   A        B        C        D        E       F      G
               +--------+--------+--------+--------+--------+-----+--------+
         Total |   1463 |   1242 |    221 |    154 |    848 |   2 |  731.5 |
       Dungeon |   1463 |   1242 |    221 |    154 |    848 |   2 |  731.5 |
               +--------+--------+--------+--------+--------+-----+--------+

Top non-repeatable levels by time:
     D:1: 1364 daAuts
     D:2: 99 daAuts
